 Dungeon Crawl Stone Soup version 0.18.1-48-g4cf74bf (webtiles) character file.

29 Skwishie the Scratcher (level 3, 17/17 HPs)
             Began as a Felid Monk on Sept 12, 2016.
             Quit the game on level 2 of the Dungeon.
             The game lasted 00:03:19 (1903 turns).

Skwishie the Scratcher (Felid Monk)                 Turns: 1903, Time: 00:03:20

Health: 17/17      AC:  1    Str:  7    XL:     3   Next: 1%
Magic:  4/4        EV: 20    Int: 11    God:
Gold:   105        SH:  0    Dex: 19    Spells: 0 memorised, 2 levels left
                                        Lives:  0   Deaths: 1

rFire  . . .     SeeInvis +       - Unarmed
rCold  . . .     Gourm    .     (armour unavailable)
rNeg   . . .     Faith    .     (shield unavailable)
rPois  .         Spirit   .     (helmet unavailable)
rElec  .         Dismiss  .     (cloak unavailable)
rCorr  .         Reflect  .     (gloves unavailable)
SustAt +         Harm     .     (boots unavailable)
MR     .....                    (no amulet)
Stlth  +++.......               (no ring)
                                i - ring of sustain attributes

@: quick, not resistant to hostile enchantments, fairly stealthy
A: no armour, no weapons or thrown items, claws 1, fangs 3, see invisible,
carnivore 3, speed 1, shaggy fur 1, slow metabolism 1, sharp paws
a: no special abilities


You were on level 2 of the Dungeon.
You were not hungry.

You visited 1 branch of the dungeon, and saw 2 of its levels.

You collected 105 gold pieces.

Inventory:

Jewellery
 i - a ring of sustain attributes (left paw)
Scrolls
 g - a scroll of remove curse {unknown}
Potions
 b - a potion of beneficial mutation {unknown}
 e - a potion of degeneration {unknown}
 f - 2 potions of agility {unknown}
 h - a potion of mutation {unknown}
Comestibles
 a - a meat ration
 c - a slice of pizza
 d - a chunk of flesh


   Skills:
 - Level 3.0 Fighting
 - Level 4.0 Dodging
 - Level 2.6 Stealth
 + Level 5.6 Unarmed Combat


You had 2 spell levels left.
You didn't know any spells.

Dungeon Overview and Level Annotations

Branches:
Dungeon (2/15)

Altars:


Innate Abilities, Weirdness & Mutations

You cannot wear armour.
You are incapable of wielding weapons or throwing items.
You have sharp claws.
You have razor-sharp teeth.
You have supernaturally acute eyesight.
You are carnivorous and can eat meat at any time.
You cover ground quickly.
You are covered in fur (AC +1).
You have a slow metabolism.
Your sharp claws are effective at attacking unaware monsters.


Message History

A quokka comes into view.
Some of the chunks of flesh in your inventory have rotted away.
A goblin comes into view. It is wielding a dagger.
The worm closely misses you.
You scratch the worm. You bite the worm, but do no damage.
The worm is moderately wounded.
You scratch the worm but do no damage.
The worm is moderately wounded.
The worm bites you!
Ouch! That really hurt!
You barely miss the worm.
The worm is moderately wounded.
The goblin barely misses you.
You scratch the bush but do no damage. You bite the bush, but do no damage.
The goblin hits you but does no damage. The worm bites you!
Ouch! That really hurt!
You die...
You are now level 3!
You rejoin the land of the living...
Are you sure you want to abandon this character and quit the game? (Confirm with "yes".)

#.# #............. #.#
####...#######
####.#########...#######
#...>........'...'......
#.........^.##...#####..
#....######.##########..
#....#<..##.# #.....
####'###.##.#######.....
#....@.##.......'.....
######...######(..####....#
#.........# #.....# #....#
#.........# #.....# #.%..#
#.........# #.....# #....#
#......†..# #.....# ####.♣
#.....P...# #.....#### #..
#...PPP...# #........# ##♣
#....♣.P..# ###......# ♣


There were no monsters in sight!

Vanquished Creatures
  An adder (D:2)
  2 oozes
  2 worms (D:2)
  2 dart slugs (D:1)
  2 ball pythons (D:1)
  10 bats
  7 goblins
  8 hobgoblins
  4 giant newts
  A kobold (D:2)
  2 rats (D:1)
41 creatures vanquished.

Notes
Turn   | Place    | Note
--------------------------------------------------------------
     0 | D:1      | Skwishie the Felid Monk began the quest for the Orb.
     0 | D:1      | Reached XP level 1. HP: 10/10 MP: 2/2
   303 | D:1      | Reached XP level 2. HP: 12/14 MP: 3/3
   914 | D:1      | Reached skill level 5 in Unarmed Combat
   923 | D:1      | Reached XP level 3. HP: 16/17 MP: 4/4
  1872 | D:2      | Reached XP level 4. HP: 21/21 MP: 5/5
  1902 | D:2      | Slain by a worm
  1903 | D:2      | Reached XP level 3. HP: -2/17 MP: 4/4
  1903 | D:2      | Quit the game

Skill      XL: |  1  2 |
---------------+-------+-----
Unarmed Combat | 5 |  5.6
Fighting       | |  3.0
Dodging        | |  4.0
Stealth        | |  2.6

Action                   |  1- 3 |  4- 6 || total
-------------------------+-------+-------++-------
Melee: Unarmed           |    86 |     5 ||    91
       Bite              |     6 |     2 ||     8
       Punch             |     4 |       ||     4
 Stab: Sleeping          |     9 |       ||     9
  Eat: Chunk             |     9 |       ||     9
Armor: Skin              |     5 |     1 ||     6
Dodge: Dodged            |    53 |     2 ||    55
